EVO
WICHITA STATE UNIVERSITY SHOCKERS @ OHIO STATE UNIVERSITY BUCKEYES
07/08/2048
 
TOP OF THE 1ST
Wichita State University Shockers batting - Pitching for Ohio State University Buckeyes : RHP Edwin Rosado
Pitching: RHP Edwin Rosado
Batting: RHB Alex Zeledon 0-0: Fly out, F7 (Line Drive, 78M, EV 100.6 MPH)
Batting: RHB Byron Whitehead 0-0: Called Strike
0-1: Called Strike
0-2: Ball
1-2: Ball
2-2: Foul Ball, location: 2F
2-2: Ground out 4-3 (Groundball, 4, EV 85.0 MPH)
Batting: LHB Carlos Flores 0-0: Ball
1-0: Ball
2-0: Foul Ball, location: 2F
2-1: Foul Ball, location: 2F
2-2: Ball
3-2: SOLO HOME RUN (Flyball, 7LD, EV 96.9 MPH), Distance : 375 ft
Batting: RHB Jason Adelstein 0-0: Swinging Strike
0-1: Ball
1-1: DOUBLE (Flyball, 89D, EV 110.0 MPH)
Batting: LHB Kyle Lee 0-0: Ball
1-0: Ball
2-0: Ball
3-0: Called Strike
3-1: Ground out 4-3 (Groundball, 4, EV 99.4 MPH)
Top of the 1st over - 1 run, 2 hits, 0 errors, 1 left on base; Wichita State University 1 - Ohio State University 0
BOTTOM OF THE 1ST
Ohio State University Buckeyes batting - Pitching for Wichita State University Shockers : RHP Elias Aguilar
Pitching: RHP Elias Aguilar
Batting: LHB Adam Simpson 0-0: Called Strike
0-1: Foul Ball, location: 2F
0-2: Ball
1-2: Ball
2-2: Foul Ball, location: 2F
2-2: Ground out U3 (Groundball, 13, EV 86.9 MPH)
Batting: RHB Mike Tarantino 0-0: Foul Ball, location: 2F
0-1: Ball
1-1: DOUBLE (Line Drive, 89M, EV 98.8 MPH)
Batting: LHB Tony Abascal 0-0: Ball
1-0: Ball
2-0: Called Strike
2-1: Foul Ball, location: 2F
2-2: Strikes out looking
Batting: LHB Anthony Ross 0-0: Ball
1-0: Foul Ball, location: 2F
1-1: Foul Ball, location: 2F
1-2: Ball
2-2: Strikes out looking
Bottom of the 1st over - 0 runs, 1 hit, 0 errors, 1 left on base; Wichita State University 1 - Ohio State University 0
TOP OF THE 2ND
Wichita State University Shockers batting - Pitching for Ohio State University Buckeyes : RHP Edwin Rosado
Batting: RHB Jordan Carr 0-0: Called Strike
0-1: Foul Ball, location: 2F
0-2: Foul Ball, location: 2F
0-2: Ball
1-2: Strikes out swinging
Batting: SHB Mike Chafe 0-0: Called Strike
0-1: Ball
1-1: Swinging Strike
1-2: Fly out, F7 (Flyball, 7, EV 94.4 MPH)
Batting: RHB Jeff Grant 0-0: Foul Ball, location: 2F
0-1: Ball
1-1: Ball
2-1: Ball
3-1: Base on Balls
Batting: SHB Peter Faggard 0-0: Called Strike
0-1: Foul Ball, location: 2F
0-2: Ball
1-2: Ball
2-2: Ball
3-2: Base on Balls
Jeff Grant to second
Batting: RHB Alex Zeledon 0-0: Ball
1-0: Ball
2-0: Called Strike
2-1: Foul Ball, location: 2F
2-2: Foul Ball, location: 2F
2-2: Strikes out swinging
Top of the 2nd over - 0 runs, 0 hits, 0 errors, 2 left on base; Wichita State University 1 - Ohio State University 0
BOTTOM OF THE 2ND
Ohio State University Buckeyes batting - Pitching for Wichita State University Shockers : RHP Elias Aguilar
Batting: LHB Zach Brandt 0-0: Called Strike
0-1: Ball
1-1: Fly out, F9 (Flyball, 89M, EV 78.8 MPH)
Batting: RHB Jacob Carrano 0-0: Foul Ball, location: 2F
0-1: Foul Ball, location: 2F
0-2: Strikes out looking
Batting: RHB David Guillen 0-0: Called Strike
0-1: Fly out, F7 (Line Drive, 7, EV 91.9 MPH)
Bottom of the 2nd over - 0 runs, 0 hits, 0 errors, 0 left on base; Wichita State University 1 - Ohio State University 0
TOP OF THE 3RD
Wichita State University Shockers batting - Pitching for Ohio State University Buckeyes : RHP Edwin Rosado
Pitching: RHP Harry Jerome
Batting: RHB Byron Whitehead 0-0: Foul Ball, location: 2F
0-1: Ball
1-1: Foul Ball, location: 2F
1-2: Foul Ball, location: 2F
1-2: Ground out 4-3 (Groundball, 4, EV 86.2 MPH)
Batting: LHB Carlos Flores 0-0: Ball
1-0: Ball
2-0: Called Strike
2-1: Called Strike
2-2: Foul Ball, location: 2F
2-2: Foul Ball, location: 2F
2-2: Strikes out looking
Batting: RHB Jason Adelstein 0-0: Swinging Strike
0-1: Ball
1-1: Fly out, F9 (Flyball, 9S, EV 97.5 MPH)
Top of the 3rd over - 0 runs, 0 hits, 0 errors, 0 left on base; Wichita State University 1 - Ohio State University 0
BOTTOM OF THE 3RD
Ohio State University Buckeyes batting - Pitching for Wichita State University Shockers : RHP Elias Aguilar
Batting: LHB Ben Callaway 0-0: Called Strike
0-1: Foul Ball, location: 2F
0-2: Strikes out looking
Batting: RHB Bill Daniel 0-0: Ball
1-0: DOUBLE (Flyball, 8RXD, EV 101.2 MPH)
Batting: LHB Adam Simpson 0-0: Ball
1-0: Swinging Strike
1-1: Ball
2-1: Ball
3-1: Base on Balls
Batting: RHB Mike Tarantino 0-0: Ball
1-0: SINGLE (Line Drive, 4D, EV 96.2 MPH)
Bill Daniel to third
Adam Simpson to second
Batting: LHB Tony Abascal 0-0: Ball
1-0: Grounds into double play, 4-6-3 (Groundball, 4, EV 82.5 MPH)
Bottom of the 3rd over - 0 runs, 2 hits, 0 errors, 2 left on base; Wichita State University 1 - Ohio State University 0
TOP OF THE 4TH
Wichita State University Shockers batting - Pitching for Ohio State University Buckeyes : RHP Harry Jerome
Batting: LHB Kyle Lee 0-0: Called Strike
0-1: Foul Ball, location: 2F
0-2: Ball
1-2: SINGLE (Groundball, 6D, EV 99.4 MPH)
Batting: RHB Jordan Carr 0-0: Swinging Strike
0-1: Ball
1-1: Grounds into double play, 6-4-3 (Groundball, 6MD, EV 88.8 MPH)
Batting: SHB Mike Chafe 0-0: Called Strike
0-1: Foul Ball, location: 2F
0-2: Fly out, F5 (Popup, 25F, EV 87.5 MPH)
Top of the 4th over - 0 runs, 1 hit, 0 errors, 0 left on base; Wichita State University 1 - Ohio State University 0
BOTTOM OF THE 4TH
Ohio State University Buckeyes batting - Pitching for Wichita State University Shockers : RHP Elias Aguilar
Pitching: RHP Paul McFarland
Batting: LHB Anthony Ross 0-0: Ball
1-0: Ball
2-0: Ball
3-0: Base on Balls
Batting: LHB Zach Brandt 0-0: Called Strike
0-1: Foul Ball, location: 2F
0-2: Ball
1-2: Foul Ball, location: 2F
1-2: 2-RUN HOME RUN (Flyball, 7LD, EV 95.6 MPH), Distance : 366 ft
Batting: RHB Jacob Carrano 0-0: Ball
1-0: Ball
2-0: SINGLE (Groundball, 4MD, EV 101.9 MPH)
Batting: RHB David Guillen 0-0: Foul Ball, location: 2F
0-1: Foul Ball, location: 2F
0-2: Fly out, F8 (Line Drive, 89D, EV 100.6 MPH)
Batting: LHB Ben Callaway 0-0: Called Strike
0-1: Called Strike
0-2: Ball
1-2: Strikes out swinging
Batting: RHB Bill Daniel 0-0: Called Strike
0-1: Fly out, F8 (Flyball, 78M, EV 92.5 MPH)
Bottom of the 4th over - 2 runs, 2 hits, 0 errors, 1 left on base; Wichita State University 1 - Ohio State University 2
TOP OF THE 5TH
Wichita State University Shockers batting - Pitching for Ohio State University Buckeyes : RHP Harry Jerome
Pitching: RHP Andy Hollis
Now at C: Josh Dinsmore
Now in LF: Bo Wu
Batting: RHB Jeff Grant 0-0: Called Strike
0-1: Ball
1-1: Ball
2-1: Swinging Strike
2-2: Strikes out swinging
Batting: SHB Peter Faggard 0-0: Ground out 6-3 (Groundball, 6, EV 109.4 MPH)
Batting: LHB Troy Davies 0-0: Called Strike
0-1: Swinging Strike
0-2: Strikes out looking
Top of the 5th over - 0 runs, 0 hits, 0 errors, 0 left on base; Wichita State University 1 - Ohio State University 2
BOTTOM OF THE 5TH
Ohio State University Buckeyes batting - Pitching for Wichita State University Shockers : RHP Paul McFarland
Now in LF: Carlos Flores
Now in RF: Bryan Palmer
Batting: LHB Adam Simpson 0-0: Called Strike
0-1: Foul Ball, location: 2F
0-2: Ground out 6-3 (Groundball, 6, EV 103.1 MPH)
Batting: RHB Marcelo Bardelli 0-0: Ball
1-0: Foul Ball, location: 2F
1-1: SINGLE (Line Drive, 7LS, EV 95.6 MPH)
Batting: RHB Bo Wu 0-0: Ball
1-0: Ball
2-0: Ball
3-0: Called Strike
3-1: Foul Ball, location: 2F
3-2: Fly out, F8 (Line Drive, 8LM, EV 105.6 MPH)
Pinch Hitting: RHB Mike Goodrich 0-0: SINGLE (Line Drive, 78M, EV 105.0 MPH)
Marcelo Bardelli to second
Batting: LHB Zach Brandt 0-0: Ball
1-0: Foul Ball, location: 2F
1-1: Fly out, F9 (Flyball, 89M, EV 81.2 MPH)
Bottom of the 5th over - 0 runs, 2 hits, 0 errors, 2 left on base; Wichita State University 1 - Ohio State University 2
TOP OF THE 6TH
Wichita State University Shockers batting - Pitching for Ohio State University Buckeyes : RHP Andy Hollis
Pitching: RHP Kyle Collins
Now at 3B: Mike Goodrich
Pinch Hitting: RHB Kyle Gill 0-0: Ball
1-0: Foul Ball, location: 2F
1-1: Swinging Strike
1-2: Ball
2-2: Foul Ball, location: 2F
2-2: Foul Ball, location: 2F
2-2: DOUBLE (Line Drive, 7LM, EV 100.0 MPH)
Pinch Hitting: RHB Rick McGrath 0-0: Ball
1-0: Called Strike
1-1: Called Strike
1-2: Ball
2-2: Foul Ball, location: 2F
2-2: Strikes out looking
Batting: RHB Bryan Palmer 0-0: Ground out 6-3 (Groundball, 6S, EV 66.2 MPH)
Kyle Gill to third
Batting: LHB Kyle Lee 0-0: Ball
1-0: Called Strike
1-1: Fly out, F7 (Line Drive, 78M, EV 88.8 MPH)
Top of the 6th over - 0 runs, 1 hit, 0 errors, 1 left on base; Wichita State University 1 - Ohio State University 2
BOTTOM OF THE 6TH
Ohio State University Buckeyes batting - Pitching for Wichita State University Shockers : RHP Paul McFarland
Pitching: LHP Alex Brown
Now in LF: Rick McGrath
Now in CF: Kyle Gill
Batting: RHB Jacob Carrano 0-0: Called Strike
0-1: Called Strike
0-2: Ball
1-2: Foul Ball, location: 2F
1-2: Ball
2-2: Ground out 6-3 (Groundball, 6, EV 93.1 MPH)
Batting: RHB David Guillen 0-0: Ball
1-0: Called Strike
1-1: Ground out 4-3 (Groundball, 4M, EV 105.0 MPH)
Pinch Hitting: RHB Masatoshi Mori 0-0: Ball
1-0: Called Strike
1-1: Ball
2-1: Foul Ball, location: 2F
2-2: Ball
3-2: Strikes out swinging
Bottom of the 6th over - 0 runs, 0 hits, 0 errors, 0 left on base; Wichita State University 1 - Ohio State University 2
TOP OF THE 7TH
Wichita State University Shockers batting - Pitching for Ohio State University Buckeyes : RHP Kyle Collins
Pitching: LHP Adrien Leroy
Now at 1B: Chris Perry
Pinch Hitting: RHB Lucio Baratta 0-0: Ball
1-0: Swinging Strike
1-1: Called Strike
1-2: DOUBLE (Flyball, 78D, EV 103.1 MPH)
Batting: SHB Mike Chafe 0-0: Ball
1-0: Foul Ball, location: 2F
1-1: SINGLE (Groundball, 34D, EV 98.1 MPH)
Lucio Baratta to third
Pinch Hitting: RHB Chad Starnes 0-0: Called Strike
0-1: Swinging Strike
0-2: Ball
1-2: Ball
2-2: Ball
3-2: Foul Ball, location: 2F
3-2: Strikes out swinging
Batting: SHB Peter Faggard 0-0: Called Strike
0-1: Ball
1-1: Called Strike
1-2: Strikes out swinging
Batting: LHB Troy Davies 0-0: SINGLE (Groundball, 4D, EV 104.4 MPH)
Lucio Baratta scores
Mike Chafe to second
Runner from 2nd tries for 3rd, SAFE, throw by RF made to third
Batting: RHB Kyle Gill 0-0: Foul Ball, location: 2F
0-1: Ball
1-1: Ball
2-1: Ball
3-1: Base on Balls
Troy Davies to second
Pitching: RHP Kieran Duncan
Batting: RHB Rick McGrath 0-0: Ball
1-0: Swinging Strike
1-1: Called Strike
1-2: Strikes out swinging
Top of the 7th over - 1 run, 3 hits, 0 errors, 3 left on base; Wichita State University 2 - Ohio State University 2
BOTTOM OF THE 7TH
Ohio State University Buckeyes batting - Pitching for Wichita State University Shockers : LHP Alex Brown
Pitching: RHP Shamar Watkins
Now at 1B: Marvin Coffey
Now at 3B: Chad Starnes
Batting: RHB Josh Dinsmore 0-0: Ground out 6-3 (Groundball, 56, EV 105.6 MPH)
Batting: LHB Adam Simpson 0-0: Called Strike
0-1: Foul Ball, location: 2F
0-2: Foul Ball, location: 2F
0-2: Foul Ball, location: 2F
0-2: Foul Ball, location: 2F
0-2: Foul Ball, location: 2F
0-2: Ball
1-2: Ball
2-2: Foul Ball, location: 2F
2-2: Foul Ball, location: 2F
2-2: Ground out U3 (Groundball, 34, EV 98.8 MPH)
Batting: RHB Marcelo Bardelli 0-0: Foul Ball, location: 2F
0-1: Swinging Strike
0-2: Ball
1-2: Ball
2-2: Strikes out swinging
Bottom of the 7th over - 0 runs, 0 hits, 0 errors, 0 left on base; Wichita State University 2 - Ohio State University 2
TOP OF THE 8TH
Wichita State University Shockers batting - Pitching for Ohio State University Buckeyes : RHP Kieran Duncan
Batting: RHB Bryan Palmer 0-0: Fly out, F9 (Line Drive, 89D, EV 95.0 MPH)
Batting: LHB Kyle Lee 0-0: Ball
1-0: Fly out, F7 (Flyball, 7, EV 92.5 MPH)
Batting: RHB Marvin Coffey 0-0: Ball
1-0: Called Strike
1-1: Fly out, F9 (Flyball, 89M, EV 81.9 MPH)
Top of the 8th over - 0 runs, 0 hits, 0 errors, 0 left on base; Wichita State University 2 - Ohio State University 2
BOTTOM OF THE 8TH
Ohio State University Buckeyes batting - Pitching for Wichita State University Shockers : RHP Shamar Watkins
Pitching: RHP Ryan Chase
Batting: RHB Bo Wu 0-0: Ball
1-0: Called Strike
1-1: Foul Ball, location: 2F
1-2: Strikes out looking
Batting: RHB Mike Goodrich 0-0: Called Strike
0-1: Ball
1-1: Ball
2-1: DOUBLE (Flyball, 89XD, EV 99.4 MPH)
Pitching: LHP Ernesto Ruiz
Batting: LHB Zach Brandt 0-0: Foul Ball, location: 2F
0-1: Ball
1-1: Swinging Strike
1-2: Reached on error, E6 (Groundball, 56D, EV 90.0 MPH)
Mike Goodrich to third
Pitching: LHP Jacob Seymour
Batting: RHB Jacob Carrano 0-0: Ball
1-0: Called Strike
1-1: Called Strike
1-2: Strikes out swinging
Batting: RHB David Guillen 0-0: Called Strike
0-1: Called Strike
0-2: Foul Ball, location: 2F
0-2: Ball
1-2: Ball
2-2: Ball
3-2: Base on Balls
Zach Brandt to second
Batting: LHB Chris Perry 0-0: Ball
1-0: Ball
2-0: Called Strike
2-1: Foul Ball, location: 2F
2-2: Strikes out swinging
Bottom of the 8th over - 0 runs, 1 hit, 1 error, 3 left on base; Wichita State University 2 - Ohio State University 2
TOP OF THE 9TH
Wichita State University Shockers batting - Pitching for Ohio State University Buckeyes : RHP Kieran Duncan
Pitching: RHP Leonidas Panagopoulos
Pinch Hitting: RHB Larry Hogue 0-0: Ball
1-0: Called Strike
1-1: Ball
2-1: Ground out U3 (Groundball, 3, EV 83.8 MPH)
Batting: RHB Chad Starnes 0-0: Hit by Pitch
Batting: SHB Peter Faggard 0-0: Ball
Wild Pitch!
Chad Starnes to second
1-0: Ball
2-0: Called Strike
2-1: Ball
3-1: Fly out, F7 (Flyball, 7, EV 93.8 MPH)
Batting: LHB Greg Burton 0-0: Called Strike
0-1: Called Strike
0-2: Ground out 6-3 (Groundball, 6, EV 88.1 MPH)
Top of the 9th over - 0 runs, 0 hits, 0 errors, 1 left on base; Wichita State University 2 - Ohio State University 2
BOTTOM OF THE 9TH
Ohio State University Buckeyes batting - Pitching for Wichita State University Shockers : LHP Jacob Seymour
Pitching: LHP Blake Gans
Now at C: Larry Hogue
Batting: RHB Josh Dinsmore 0-0: Ball
1-0: Reached on error, E4 (Groundball, 4, EV 98.1 MPH)
Batting: LHB Adam Simpson 0-0: Sac Bunt to P - play at first, batter OUT! 1-3
Josh Dinsmore to second
Batting: RHB Rodolfo Lrio 0-0: Fly out, F8 (Line Drive, 8RM, EV 92.5 MPH)
Runner from 2nd tags up, SAFE at 3rd with throw by CF
Batting: RHB Bo Wu 0-0: Intentional Walk
Batting: RHB Mike Goodrich 0-0: Called Strike
0-1: Ball
1-1: SINGLE (Groundball, 56D, EV 94.4 MPH)
Josh Dinsmore scores
Bottom of the 9th over - 1 run, 1 hit, 1 error, 1 left on base; Wichita State University 2 - Ohio State University 3
Tuesday, March 28th , 2023 - OOTP Baseball 23.10 Build 110